St.Louis Blues vs Hartford Whalers
Created - Friday, March 22, 2024 at 08:22
Goals
|
| St.Louis Blues |
1 |
4 |
2 |
7 |
| Hartford Whalers |
3 |
1 |
0 |
4 |
|
Shots
|
| St.Louis Blues |
13 |
22 |
8 |
43 |
| Hartford Whalers |
10 |
8 |
15 |
33 |
|
1st period
1. St.Louis Blues , Lawson Crouse 4 (Andrew Copp 5, Adam Pelech 7) at 4:28
2. Hartford Whalers , T.J. Oshie 11 (Alexander Wennberg 25) at 5:36 (PP)
3. Hartford Whalers , Ryan Strome 8 (Nikita Zaitsev 5) at 14:13
4. Hartford Whalers , Joshua Norris 14 (Alexis Lafreniere 14, Taylor Hall 22) at 18:44
Penalties :
Evander Kane (STL) for Hooking (Minor) at 5:33
2nd period
5. Hartford Whalers , Taylor Hall 15 (Erik Cernak 6) at 0:52
6. St.Louis Blues , Elias Pettersson 21 (Robert Thomas 34, Tage Thompson 16) at 10:12 (PP)
7. St.Louis Blues , Alex Pietrangelo 4 (Elias Pettersson 28, Robert Thomas 35) at 14:30
8. St.Louis Blues , Elias Pettersson 22 (Lawson Crouse 4) at 16:39
9. St.Louis Blues , Robert Thomas 15 (Elias Pettersson 29, Tage Thompson 17) at 18:11
Penalties :
Ryan Strome (HFD) for Hooking (Minor) at 7:47, Jaccob Slavin (HFD) for Interference (Minor) at 8:30, Thomas Chabot (HFD) for Slashing (Minor) at 18:35
3rd period
10. St.Louis Blues , Robert Thomas 16 (Elias Pettersson 30) at 3:39 (PP)
11. St.Louis Blues , Elias Pettersson 23 (Alex Tuch 9) at 8:50
Penalties :
Marcus Foligno (HFD) for Roughing (Minor) at 3:32, Tage Thompson (STL) for Roughing (Minor) at 5:46, Marcus Foligno (HFD) for Tripping (Minor) at 12:40, Colton Parayko (STL) for Hooking (Minor) at 17:56
Goalie Stats
Connor Hellebuyck (STL), 29 saves from 33 shots - (0.879), W, 16-9-3, 60:00 minutes
Semyon Varlamov (HFD), 36 saves from 43 shots - (0.837), L, 10-18-3, 60:00 minutes
Players Stats for St.Louis Blues
Player Name G A P +/- PIM S H SB GA TA FO MP PP MP PK MP
------------------------------------------------------------------------------------
Adam Pelech 0 1 1 1 0 1 0 0 1 0 0/0 10:31 0:00 1:18
Alex Pietrangelo 1 0 1 0 0 1 2 1 0 0 0/0 24:00 1:45 0:00
Alex Tuch 0 1 1 0 0 0 1 0 0 1 0/0 12:00 1:45 0:00
Andrew Copp 0 1 1 0 0 1 0 0 0 0 3/5 9:33 0:00 2:01
Colton Parayko 0 0 0 1 2 0 0 0 0 2 0/0 19:08 0:00 1:21
Elias Pettersson 3 3 6 4 0 9 3 2 2 0 3/3 23:11 4:33 0:00
Evander Kane 0 0 0 0 2 1 3 0 1 0 0/0 10:14 0:00 0:00
Jack Eichel 0 0 0 -1 0 5 0 0 0 0 5/8 18:13 4:45 0:00
Jake Guentzel 0 0 0 -1 0 3 1 0 0 1 0/0 15:13 1:57 0:00
Jake Sanderson 0 0 0 1 0 3 0 1 0 0 0/0 20:31 0:00 2:43
Lawson Crouse 1 1 2 0 0 6 1 2 0 0 0/0 9:33 0:00 2:01
Mark Stone 0 0 0 -1 0 1 0 1 0 0 0/0 15:13 1:57 0:00
Mikhail Sergachev 0 0 0 0 0 0 2 2 1 1 0/0 28:39 4:45 1:22
Nick Leddy 0 0 0 1 0 0 0 0 0 0 0/0 10:31 0:00 1:18
Nico Sturm 0 0 0 0 0 1 0 0 0 0 1/3 9:28 0:00 2:00
Robert Thomas 2 2 4 3 0 6 0 0 1 0 24/36 22:55 4:33 0:00
Tage Thompson 0 2 2 3 2 4 2 1 0 0 2/4 23:02 4:33 0:00
Yanni Gourde 0 0 0 -1 0 1 1 0 0 0 2/3 14:01 1:57 2:00
Players Stats for Hartford Whalers
Player Name G A P +/- PIM S H SB GA TA FO MP PP MP PK MP
------------------------------------------------------------------------------------
Alexander Wennberg 0 1 1 0 0 3 1 0 0 0 9/25 21:06 1:57 3:28
Alexis Lafreniere 0 1 1 0 0 0 0 0 0 0 0/0 15:25 2:04 0:00
Andre Burakovsky 0 0 0 0 0 3 1 0 0 0 0/2 15:25 2:04 0:00
Casey Cizikas 0 0 0 -1 0 4 1 1 0 0 3/9 15:39 0:00 3:02
Eetu Luostarinen 0 0 0 -1 0 2 1 0 0 0 0/1 14:53 0:00 2:16
Erik Cernak 0 1 1 -2 0 2 1 2 0 0 0/0 23:21 0:38 4:04
Jaccob Slavin 0 0 0 -1 2 0 0 4 1 2 0/0 25:43 1:43 1:57
Joel Edmundson 0 0 0 -1 0 0 1 3 0 0 0/0 23:07 0:27 3:26
Josh Anderson 0 0 0 -1 0 2 2 1 0 1 0/0 15:34 0:00 2:51
Joshua Norris 1 0 1 0 0 4 0 1 1 0 7/15 15:25 2:04 0:00
Marcus Foligno 0 0 0 -1 4 1 0 0 0 0 0/0 7:48 0:00 0:00
Mike Hoffman 0 0 0 -1 0 1 0 0 0 0 0/0 7:50 0:00 0:00
Nikita Zaitsev 0 1 1 1 0 1 1 0 0 0 0/0 17:17 2:28 2:56
Olli Maatta 0 0 0 1 0 0 0 1 0 0 0/0 6:30 0:00 0:05
Ryan Strome 1 0 1 -1 2 4 1 0 0 0 1/4 7:56 0:00 0:07
T.J. Oshie 1 0 1 0 0 1 3 0 1 1 2/5 17:32 1:57 0:00
Taylor Hall 1 1 2 0 0 5 1 1 2 0 0/1 17:32 1:57 0:00
Thomas Chabot 0 0 0 -2 2 0 1 0 0 2 0/0 24:06 2:46 0:31
3 Stars
1 - Elias Pettersson (STL)
2 - Robert Thomas (STL)
3 - Lawson Crouse (STL)
Power Play
St.Louis Blues - 2 on 5 Attempt(s) - 40.00%
Hartford Whalers - 1 on 3 Attempt(s) - 33.33%
Penalty Kill
St.Louis Blues - 2 on 3 Attempt(s) - 66.67%
- Score 0 goal in Penalty Kill
Hartford Whalers - 3 on 5 Attempt(s) - 60.00%
- Score 0 goal in Penalty Kill
Team Stat
St.Louis Blues - Hits : 16 - Faceoff Wins : 40 - Blocked Shots : 10 - Penalty Minutes : 6
Hartford Whalers - Hits : 15 - Faceoff Wins : 22 - Blocked Shots : 14 - Penalty Minutes : 10
Official
Referees : Brad Meier and Graham Skiliter
Linesman : Devin Berg and Brian Murphy
Game Notes
Olli Maatta is injured at 7:52 of 2nd period (Left Hand)
Elias Pettersson has scored a Hat Trick!
Finance
Level 1 -- Attendance: 5444 (54.44%) -- Ticket Income $489,960
Level 2 -- Attendance: 4800 (96.00%) -- Ticket Income $264,000
Level 3 -- Attendance: 2845 (94.83%) -- Ticket Income $85,350
Level 4 -- Attendance: 4379 (87.58%) -- Ticket Income $87,580
Luxury Box -- Attendance: 953 (95.30%) -- Ticket Income $181,070
Game was played at the Hartford Civic Center.
Total Attendance: 18421 (76.75%)
Total Ticket Income: $1,107,960
Other Income: $387,786
Total Income: $1,495,746
St.Louis Blues
5 vs 5 Forward
Center Left Wing Right Wing Time % Phy DF OF
1 Robert Thomas Elias Pettersson Tage Thompson 40 0 2 3
2 Jack Eichel Jake Guentzel Mark Stone 30 0 2 3
3 Yanni Gourde Alex Tuch Evander Kane 20 1 2 2
4 Nico Sturm Andrew Copp Lawson Crouse 10 1 3 1
5 vs 5 Defense
Defense Defense Time % Phy DF OF
1 Mikhail Sergachev Alex Pietrangelo 45 0 2 3
2 Jake Sanderson Colton Parayko 35 0 3 2
3 Nick Leddy Adam Pelech 20 1 2 2
4 Alex Pietrangelo Mikhail Sergachev 0 1 2 2
PowerPlay Forward
Center Left Wing Right Wing Time % Phy DF OF
1 Robert Thomas Elias Pettersson Tage Thompson 60 1 0 4
2 Yanni Gourde Jake Guentzel Mark Stone 40 1 0 4
PowerPlay Defense
Defense Defense Time % Phy DF OF
1 Jack Eichel Mikhail Sergachev 60 0 1 4
2 Alex Pietrangelo Alex Tuch 40 0 1 4
Penalty Kill 4 Players Forward
Center Wing Time % Phy DF OF
1 Nico Sturm Yanni Gourde 50 1 4 0
2 Andrew Copp Lawson Crouse 50 1 4 0
Penalty Kill 4 Players Defense
Defense Defense Time % Phy DF OF
1 Jake Sanderson Colton Parayko 50 1 4 0
2 Nick Leddy Adam Pelech 50 1 4 0
Penalty Kill - 3 Players Forward
Forward Time % Phy DF OF
1 Nico Sturm 50 0 5 0
2 Yanni Gourde 50 0 5 0
Penalty Kill - 3 Players Defense
Defense Defense Time % Phy DF OF
1 Jake Sanderson Colton Parayko 50 0 5 0
2 Adam Pelech Nick Leddy 50 0 5 0
4 vs 4 Forward
Center Wing Time % Phy DF OF
1 Robert Thomas Elias Pettersson 50 0 2 3
2 Jack Eichel Tage Thompson 50 0 2 3
4 vs 4 Defense
Defense Defense Time % Phy DF OF
1 Alex Pietrangelo Mikhail Sergachev 50 1 2 2
2 Colton Parayko Jake Sanderson 50 1 2 2
Last Minutes Offensive
Center Left Wing Right Wing Defense Defense
Robert Thomas Elias Pettersson Mark Stone Tage Thompson Mikhail Sergachev
Last Minutes Defensive
Center Left Wing Right Wing Defense Defense
Nico Sturm Yanni Gourde Lawson Crouse Alex Pietrangelo Colton Parayko
Goaltenders
Starting : Connor Hellebuyck
Backup : Scott Wedgewood
Extra Forwards
Normal : Mark Stone, Jack Eichel, Lawson Crouse - PP : Jake Guentzel, Elias Pettersson - PK : Robert Thomas
Extra Defensemen
Normal : Jake Sanderson, Nick Leddy, Colton Parayko - PP : Nick Leddy - PK : Jake Sanderson, Colton Parayko
Penalty Shots
Elias Pettersson, Tage Thompson, Robert Thomas, Alex Tuch, Jack Eichel
Hartford Whalers
5 vs 5 Forward
Center Left Wing Right Wing Time % Phy DF OF
1 Alexander Wennberg Taylor Hall T.J. Oshie 35 1 2 2
2 Joshua Norris Andre Burakovsky Alexis Lafreniere 30 1 2 2
3 Casey Cizikas Eetu Luostarinen Josh Anderson 25 1 2 2
4 Ryan Strome Mike Hoffman Marcus Foligno 10 1 2 2
5 vs 5 Defense
Defense Defense Time % Phy DF OF
1 Jaccob Slavin Thomas Chabot 38 1 2 2
2 Joel Edmundson Erik Cernak 37 1 3 1
3 Olli Maatta Nikita Zaitsev 25 1 2 2
4 Jaccob Slavin Thomas Chabot 0 1 2 2
PowerPlay Forward
Center Left Wing Right Wing Time % Phy DF OF
1 Alexander Wennberg Taylor Hall T.J. Oshie 50 1 1 3
2 Joshua Norris Andre Burakovsky Alexis Lafreniere 50 2 1 2
PowerPlay Defense
Defense Defense Time % Phy DF OF
1 Thomas Chabot Jaccob Slavin 50 1 1 3
2 Olli Maatta Nikita Zaitsev 50 1 2 2
Penalty Kill 4 Players Forward
Center Wing Time % Phy DF OF
1 Casey Cizikas Eetu Luostarinen 50 1 4 0
2 Alexander Wennberg Josh Anderson 50 1 4 0
Penalty Kill 4 Players Defense
Defense Defense Time % Phy DF OF
1 Joel Edmundson Erik Cernak 50 2 3 0
2 Olli Maatta Nikita Zaitsev 50 1 4 0
Penalty Kill - 3 Players Forward
Forward Time % Phy DF OF
1 Casey Cizikas 50 1 4 0
2 Alexander Wennberg 50 1 4 0
Penalty Kill - 3 Players Defense
Defense Defense Time % Phy DF OF
1 Joel Edmundson Erik Cernak 50 2 3 0
2 Jaccob Slavin Nikita Zaitsev 50 1 4 0
4 vs 4 Forward
Center Wing Time % Phy DF OF
1 Alexander Wennberg Andre Burakovsky 50 1 2 2
2 Casey Cizikas Josh Anderson 50 1 2 2
4 vs 4 Defense
Defense Defense Time % Phy DF OF
1 Thomas Chabot Jaccob Slavin 50 1 2 2
2 Joel Edmundson Erik Cernak 50 2 2 1
Last Minutes Offensive
Center Left Wing Right Wing Defense Defense
Alexander Wennberg Alexis Lafreniere Andre Burakovsky Thomas Chabot Jaccob Slavin
Last Minutes Defensive
Center Left Wing Right Wing Defense Defense
Casey Cizikas Eetu Luostarinen Josh Anderson Joel Edmundson Erik Cernak
Goaltenders
Starting : Semyon Varlamov
Backup : Anton Forsberg
Extra Forwards
Normal : Andre Burakovsky, Joshua Norris, Alexis Lafreniere - PP : Andre Burakovsky, Taylor Hall - PK : Casey Cizikas
Extra Defensemen
Normal : Jaccob Slavin, Joel Edmundson, Nikita Zaitsev - PP : Thomas Chabot - PK : Jaccob Slavin, Erik Cernak
Penalty Shots
Alexander Wennberg, Andre Burakovsky, T.J. Oshie, Taylor Hall, Josh Anderson
% Time on Ice - St.Louis Blues
Lines # - Real PCT - Wanted PCT - Time Play
Normal Forward
1 - 37% - 40% - 18:26
2 - 27% - 30% - 13:24
3 - 21% - 20% - 10:15
4 - 15% - 10% - 7:24
Normal Defense
1 - 47% - 45% - 23:01
2 - 35% - 35% - 17:15
3 - 19% - 20% - 9:13
4 - 0% - 0% - 0:00
PP Forward
1 - 70% - 60% - 4:33
2 - 30% - 40% - 1:57
PP Defense
1 - 73% - 60% - 4:45
2 - 27% - 40% - 1:45
PK Forward
1 - 50% - 50% - 2:00
2 - 50% - 50% - 2:01
PK Defense
1 - 68% - 50% - 2:43
2 - 32% - 50% - 1:18
PK3 Forward
1 - 0% - 50%
2 - 0% - 50%
PK3 Defense
1 - 0% - 50%
2 - 0% - 50%
44 Forward
1 - 0% - 50%
2 - 0% - 50%
44 Defense
1 - 0% - 50%
2 - 0% - 50%
Last Minute Offensive - 0:00
Last Minute Defensive - 0:00
Total
Forward - 60:00
Defense - 60:00
|
% Time on Ice - Hartford Whalers
Lines # - Real PCT - Wanted PCT - Time Play
Normal Forward
1 - 31% - 35% - 15:35
2 - 27% - 30% - 13:27
3 - 25% - 25% - 12:37
4 - 16% - 10% - 7:50
Normal Defense
1 - 37% - 38% - 18:13
2 - 36% - 37% - 17:38
3 - 24% - 25% - 12:05
4 - 3% - 0% - 1:33
PP Forward
1 - 49% - 50% - 1:57
2 - 51% - 50% - 2:04
PP Defense
1 - 27% - 50% - 1:06
2 - 73% - 50% - 2:55
PK Forward
1 - 46% - 50% - 2:23
2 - 54% - 50% - 2:51
PK Defense
1 - 46% - 50% - 2:26
2 - 54% - 50% - 2:48
PK3 Forward
1 - 51% - 50% - 0:39
2 - 49% - 50% - 0:37
PK3 Defense
1 - 79% - 50% - 1:00
2 - 21% - 50% - 0:16
44 Forward
1 - 0% - 50%
2 - 0% - 50%
44 Defense
1 - 0% - 50%
2 - 0% - 50%
Last Minute Offensive - 0:00
Last Minute Defensive - 0:00
Total
Forward - 60:00
Defense - 60:00
|
Play-by-Play
1st period
0:01 of 1st period - Robert Thomas wins face-off versus Alexander Wennberg in neutral zone.
0:31 of 1st period - Snap shot by Joshua Norris.
0:31 of 1st period - Shot Misses the Net.
2:00 of 1st period - Snap shot by Taylor Hall.
2:00 of 1st period - Stopped by Connor Hellebuyck with a rebound.
2:34 of 1st period - Casey Cizikas is hit by Lawson Crouse and loses puck.
2:45 of 1st period - Andrew Copp is hit by Josh Anderson and loses puck.
3:03 of 1st period - Jaccob Slavin is hit by Tage Thompson and loses puck.
4:28 of 1st period - Slapshot by Lawson Crouse.
4:28 of 1st period - Goal by Lawson Crouse - St.Louis Blues : 1 - Hartford Whalers : 0.
4:29 of 1st period - Joshua Norris wins face-off versus Robert Thomas in neutral zone.
5:33 of 1st period - Minor Penalty to Evander Kane for Hooking.
5:34 of 1st period - Alexander Wennberg wins face-off versus Nico Sturm in St.Louis Blues zone.
5:36 of 1st period - Wrist shot by T.J. Oshie.
5:36 of 1st period - Goal by T.J. Oshie - St.Louis Blues : 1 - Hartford Whalers : 1.
5:37 of 1st period - Robert Thomas wins face-off versus T.J. Oshie in neutral zone.
6:12 of 1st period - Snap shot by Jake Guentzel.
6:12 of 1st period - Shot Misses the Net.
6:14 of 1st period - Snap shot by Jack Eichel.
6:14 of 1st period - Deflect By Mark Stone.
6:14 of 1st period - Stopped by Semyon Varlamov without a rebound.
6:15 of 1st period - Casey Cizikas wins face-off versus Robert Thomas in Hartford Whalers zone.
6:20 of 1st period - Snap shot by Josh Anderson.
6:20 of 1st period - Shot Misses the Net.
6:28 of 1st period - Slapshot by Robert Thomas.
6:28 of 1st period - Shot Blocked by Casey Cizikas.
6:30 of 1st period - Snap shot by Robert Thomas.
6:30 of 1st period - Stopped by Semyon Varlamov with a rebound.
7:31 of 1st period - Snap shot by Ryan Strome.
7:31 of 1st period - Stopped by Connor Hellebuyck with a rebound.
7:33 of 1st period - Slapshot by Olli Maatta.
7:33 of 1st period - Shot Blocked by Mikhail Sergachev.
8:51 of 1st period - Wrist shot by Andrew Copp.
8:51 of 1st period - Shot Misses the Net.
8:53 of 1st period - Snap shot by Nico Sturm.
8:53 of 1st period - Stopped by Semyon Varlamov with a rebound.
9:09 of 1st period - Wrist shot by Josh Anderson.
9:09 of 1st period - Shot Misses the Net.
9:17 of 1st period - Snap shot by Robert Thomas.
9:17 of 1st period - Stopped by Semyon Varlamov without a rebound.
9:18 of 1st period - Jack Eichel wins face-off versus Alexander Wennberg in Hartford Whalers zone.
9:21 of 1st period - Snap shot by Jake Guentzel.
9:21 of 1st period - Shot Misses the Net.
9:27 of 1st period - Wrist shot by Jake Guentzel.
9:27 of 1st period - Stopped by Semyon Varlamov without a rebound.
9:28 of 1st period - T.J. Oshie wins face-off versus Jack Eichel in Hartford Whalers zone.
10:07 of 1st period - Wrist shot by Taylor Hall.
10:07 of 1st period - Stopped by Connor Hellebuyck without a rebound.
10:08 of 1st period - Robert Thomas wins face-off versus Joshua Norris in St.Louis Blues zone.
10:34 of 1st period - Colton Parayko is hit by Casey Cizikas and loses puck.
11:02 of 1st period - Wrist shot by Lawson Crouse.
11:02 of 1st period - Stopped by Semyon Varlamov with a rebound.
11:04 of 1st period - Slapshot by Andrew Copp.
11:04 of 1st period - Stopped by Semyon Varlamov without a rebound.
11:05 of 1st period - Joshua Norris wins face-off versus Robert Thomas in Hartford Whalers zone.
11:14 of 1st period - Snap shot by Elias Pettersson.
11:14 of 1st period - Shot Blocked by Joel Edmundson.
11:20 of 1st period - Wrist shot by Joshua Norris.
11:20 of 1st period - Stopped by Connor Hellebuyck with a rebound.
11:38 of 1st period - Wrist shot by Taylor Hall.
11:38 of 1st period - Shot Hit the Post.
11:40 of 1st period - Backhand shot by Taylor Hall.
11:40 of 1st period - Shot Misses the Net.
11:52 of 1st period - Thomas Chabot is hit by Yanni Gourde and loses puck.
12:44 of 1st period - Icing by Alexis Lafreniere.
12:45 of 1st period - Robert Thomas wins face-off versus Joshua Norris in Hartford Whalers zone.
12:56 of 1st period - Joshua Norris is hit by Elias Pettersson and loses puck.
13:18 of 1st period - Wrist shot by Alexis Lafreniere.
13:18 of 1st period - Shot Misses the Net.
13:20 of 1st period - Wrist shot by Joshua Norris.
13:20 of 1st period - Shot Misses the Net.
13:22 of 1st period - Backhand shot by Andre Burakovsky.
13:22 of 1st period - Deflect By Joshua Norris.
13:22 of 1st period - Stopped by Connor Hellebuyck with a rebound.
13:24 of 1st period - Snap shot by Andre Burakovsky.
13:24 of 1st period - Stopped by Connor Hellebuyck without a rebound.
13:25 of 1st period - Robert Thomas wins face-off versus Alexander Wennberg in St.Louis Blues zone.
13:50 of 1st period - Casey Cizikas is hit by Jake Guentzel and loses puck.
13:55 of 1st period - Snap shot by Jack Eichel.
13:55 of 1st period - Stopped by Semyon Varlamov with a rebound.
14:13 of 1st period - Slapshot by Ryan Strome.
14:13 of 1st period - Goal by Ryan Strome - St.Louis Blues : 1 - Hartford Whalers : 2.
14:14 of 1st period - Robert Thomas wins face-off versus Taylor Hall in neutral zone.
14:21 of 1st period - Backhand shot by Tage Thompson.
14:21 of 1st period - Stopped by Semyon Varlamov with a rebound.
14:23 of 1st period - Slapshot by Jake Sanderson.
14:23 of 1st period - Stopped by Semyon Varlamov with a rebound.
14:25 of 1st period - Slapshot by Colton Parayko.
14:25 of 1st period - Shot Misses the Net.
14:27 of 1st period - Wrist shot by Robert Thomas.
14:27 of 1st period - Deflect By Elias Pettersson.
14:27 of 1st period - Shot Blocked by Erik Cernak.
14:27 of 1st period - Puck is out of play.
14:28 of 1st period - Robert Thomas wins face-off versus Alexander Wennberg in Hartford Whalers zone.
14:59 of 1st period - Wrist shot by Andre Burakovsky.
14:59 of 1st period - Shot Misses the Net.
15:01 of 1st period - Wrist shot by Andre Burakovsky.
15:01 of 1st period - Shot Misses the Net.
15:03 of 1st period - Slapshot by Erik Cernak.
15:03 of 1st period - Shot Misses the Net.
15:39 of 1st period - Marcus Foligno is hit by Mikhail Sergachev and loses puck.
16:00 of 1st period - Snap shot by Robert Thomas.
16:00 of 1st period - Shot Misses the Net.
16:48 of 1st period - Snap shot by Alex Tuch.
16:48 of 1st period - Shot Hit the Post.
16:52 of 1st period - Wrist shot by Yanni Gourde.
16:52 of 1st period - Stopped by Semyon Varlamov with a rebound.
17:24 of 1st period - Wrist shot by Lawson Crouse.
17:24 of 1st period - Stopped by Semyon Varlamov with a rebound.
17:26 of 1st period - Snap shot by Nico Sturm.
17:26 of 1st period - Shot Blocked by Jaccob Slavin.
17:28 of 1st period - Snap shot by Nico Sturm.
17:28 of 1st period - Shot Misses the Net.
17:30 of 1st period - Snap shot by Andrew Copp.
17:30 of 1st period - Shot Misses the Net.
17:59 of 1st period - Thomas Chabot is hit by Evander Kane and loses puck.
18:32 of 1st period - Slapshot by Robert Thomas.
18:32 of 1st period - Shot Misses the Net.
18:44 of 1st period - Wrist shot by Joshua Norris.
18:44 of 1st period - Goal by Joshua Norris - St.Louis Blues : 1 - Hartford Whalers : 3.
18:45 of 1st period - Robert Thomas wins face-off versus Alexander Wennberg in neutral zone.
18:52 of 1st period - Slapshot by Tage Thompson.
18:52 of 1st period - Shot Blocked by Joel Edmundson.
19:12 of 1st period - Jake Guentzel is hit by Joel Edmundson and loses puck.
19:35 of 1st period - Wrist shot by Alex Tuch.
19:35 of 1st period - Shot Blocked by Jaccob Slavin.
19:59 of 1st period - Wrist shot by Mike Hoffman.
19:59 of 1st period - Stopped by Connor Hellebuyck without a rebound.
Goals for this period are 1 for St.Louis Blues vs 3 for Hartford Whalers.
Shots for this period are 13 for St.Louis Blues vs 10 for Hartford Whalers.
2nd period
0:01 of 2nd period - Tage Thompson wins face-off versus Alexander Wennberg in neutral zone.
0:12 of 2nd period - Snap shot by Tage Thompson.
0:12 of 2nd period - Stopped by Semyon Varlamov without a rebound.
0:13 of 2nd period - Robert Thomas wins face-off versus Joshua Norris in Hartford Whalers zone.
0:14 of 2nd period - Backhand shot by Elias Pettersson.
0:14 of 2nd period - Shot Blocked by Joshua Norris.
0:16 of 2nd period - Slapshot by Jake Sanderson.
0:16 of 2nd period - Deflect By Elias Pettersson.
0:16 of 2nd period - Stopped by Semyon Varlamov with a rebound.
0:18 of 2nd period - Snap shot by Jake Sanderson.
0:18 of 2nd period - Stopped by Semyon Varlamov with a rebound.
0:20 of 2nd period - Slapshot by Tage Thompson.
0:20 of 2nd period - Shot Misses the Net.
0:22 of 2nd period - Wrist shot by Elias Pettersson.
0:22 of 2nd period - Deflect By Tage Thompson.
0:22 of 2nd period - Stopped by Semyon Varlamov with a rebound.
0:24 of 2nd period - Snap shot by Colton Parayko.
0:24 of 2nd period - Shot Misses the Net.
0:52 of 2nd period - Snap shot by Taylor Hall.
0:52 of 2nd period - Goal by Taylor Hall - St.Louis Blues : 1 - Hartford Whalers : 4.
0:53 of 2nd period - Robert Thomas wins face-off versus Alexander Wennberg in neutral zone.
1:00 of 2nd period - Snap shot by Elias Pettersson.
1:00 of 2nd period - Stopped by Semyon Varlamov with a rebound.
1:03 of 2nd period - Icing by Taylor Hall.
1:04 of 2nd period - Elias Pettersson wins face-off versus Alexander Wennberg in Hartford Whalers zone.
1:13 of 2nd period - Snap shot by Robert Thomas.
1:13 of 2nd period - Stopped by Semyon Varlamov without a rebound.
1:14 of 2nd period - Joshua Norris wins face-off versus Robert Thomas in Hartford Whalers zone.
2:29 of 2nd period - Snap shot by Tage Thompson.
2:29 of 2nd period - Stopped by Semyon Varlamov with a rebound.
2:31 of 2nd period - Slapshot by Robert Thomas.
2:31 of 2nd period - Shot Misses the Net.
2:33 of 2nd period - Slapshot by Alex Pietrangelo.
2:33 of 2nd period - Shot Blocked by Jaccob Slavin.
2:35 of 2nd period - Slapshot by Alex Pietrangelo.
2:35 of 2nd period - Deflect By Robert Thomas.
2:35 of 2nd period - Shot Misses the Net.
2:35 of 2nd period - Puck is out of play.
2:36 of 2nd period - Alexander Wennberg wins face-off versus Jack Eichel in Hartford Whalers zone.
2:43 of 2nd period - Wrist shot by Jake Guentzel.
2:43 of 2nd period - Shot Blocked by Erik Cernak.
2:45 of 2nd period - Slapshot by Colton Parayko.
2:45 of 2nd period - Shot Blocked by Joel Edmundson.
2:47 of 2nd period - Slapshot by Jack Eichel.
2:47 of 2nd period - Deflect By Jake Guentzel.
2:47 of 2nd period - Stopped by Semyon Varlamov with a rebound.
2:49 of 2nd period - Slapshot by Jake Guentzel.
2:49 of 2nd period - Stopped by Semyon Varlamov with a rebound.
2:51 of 2nd period - Backhand shot by Jack Eichel.
2:51 of 2nd period - Stopped by Semyon Varlamov with a rebound.
3:15 of 2nd period - Snap shot by Eetu Luostarinen.
3:15 of 2nd period - Shot Misses the Net.
3:21 of 2nd period - Josh Anderson is hit by Evander Kane and loses puck.
3:40 of 2nd period - Snap shot by Ryan Strome.
3:40 of 2nd period - Stopped by Connor Hellebuyck with a rebound.
5:26 of 2nd period - Icing by Elias Pettersson.
5:27 of 2nd period - Robert Thomas wins face-off versus Joshua Norris in St.Louis Blues zone.
5:34 of 2nd period - Andre Burakovsky is hit by Alex Tuch and loses puck.
6:00 of 2nd period - Wrist shot by Jack Eichel.
6:00 of 2nd period - Stopped by Semyon Varlamov with a rebound.
6:02 of 2nd period - Slapshot by Adam Pelech.
6:02 of 2nd period - Stopped by Semyon Varlamov with a rebound.
6:16 of 2nd period - Wrist shot by Lawson Crouse.
6:16 of 2nd period - Stopped by Semyon Varlamov with a rebound.
6:18 of 2nd period - Wrist shot by Alex Pietrangelo.
6:18 of 2nd period - Shot Blocked by Taylor Hall.
6:20 of 2nd period - Slapshot by Andrew Copp.
6:20 of 2nd period - Deflect By Lawson Crouse.
6:20 of 2nd period - Stopped by Semyon Varlamov without a rebound.
6:21 of 2nd period - Alexander Wennberg wins face-off versus Robert Thomas in Hartford Whalers zone.
6:26 of 2nd period - Elias Pettersson is hit by T.J. Oshie and loses puck.
6:37 of 2nd period - Wrist shot by Elias Pettersson.
6:37 of 2nd period - Shot Misses the Net.
7:47 of 2nd period - Minor Penalty to Ryan Strome for Hooking.
7:48 of 2nd period - Tage Thompson wins face-off versus Casey Cizikas in Hartford Whalers zone.
7:48 of 2nd period - Wrist shot by Elias Pettersson.
7:48 of 2nd period - Stopped by Semyon Varlamov with a rebound.
7:52 of 2nd period - Wrist shot by Elias Pettersson.
7:52 of 2nd period - Shot Blocked by Olli Maatta.
7:52 of 2nd period - Olli Maatta from Hartford Whalers is injured at 7:52 of 2nd period (Left Hand).
7:53 of 2nd period - Robert Thomas wins face-off versus Alexander Wennberg in Hartford Whalers zone.
7:58 of 2nd period - Snap shot by Elias Pettersson.
7:58 of 2nd period - Shot Misses the Net.
8:04 of 2nd period - Snap shot by Josh Anderson.
8:04 of 2nd period - Shot Blocked by Elias Pettersson.
8:06 of 2nd period - Wrist shot by Alexander Wennberg.
8:06 of 2nd period - Stopped by Connor Hellebuyck without a rebound.
8:07 of 2nd period - Casey Cizikas wins face-off versus Robert Thomas in St.Louis Blues zone.
8:18 of 2nd period - Wrist shot by Robert Thomas.
8:18 of 2nd period - Shot Misses the Net.
8:20 of 2nd period - Wrist shot by Tage Thompson.
8:20 of 2nd period - Shot Misses the Net.
8:30 of 2nd period - Minor Penalty to Jaccob Slavin for Interference.
8:31 of 2nd period - Robert Thomas wins face-off versus Casey Cizikas in Hartford Whalers zone.
9:20 of 2nd period - Joel Edmundson is hit by Alex Pietrangelo and loses puck.
9:34 of 2nd period - Icing by Jake Guentzel.
9:35 of 2nd period - Robert Thomas wins face-off versus Alexander Wennberg in St.Louis Blues zone.
9:39 of 2nd period - Off-side.
9:40 of 2nd period - Alexander Wennberg wins face-off versus Tage Thompson in neutral zone.
9:47 of 2nd period - Penalty to Ryan Strome is over, Ryan Strome is back on ice.
10:12 of 2nd period - Snap shot by Elias Pettersson.
10:12 of 2nd period - Goal by Elias Pettersson - St.Louis Blues : 2 - Hartford Whalers : 4.
10:13 of 2nd period - Jack Eichel wins face-off versus Alexander Wennberg in neutral zone.
11:05 of 2nd period - Wrist shot by Yanni Gourde.
11:05 of 2nd period - Shot Misses the Net.
11:07 of 2nd period - Slapshot by Nick Leddy.
11:07 of 2nd period - Shot Blocked by Josh Anderson.
11:27 of 2nd period - Snap shot by Ryan Strome.
11:27 of 2nd period - Shot Misses the Net.
11:43 of 2nd period - Slapshot by Mark Stone.
11:43 of 2nd period - Shot Misses the Net.
12:04 of 2nd period - Snap shot by Elias Pettersson.
12:04 of 2nd period - Shot Blocked by Jaccob Slavin.
13:07 of 2nd period - Wrist shot by Eetu Luostarinen.
13:07 of 2nd period - Shot Misses the Net.
13:09 of 2nd period - Slapshot by Casey Cizikas.
13:09 of 2nd period - Stopped by Connor Hellebuyck with a rebound.
13:13 of 2nd period - Wrist shot by Josh Anderson.
13:13 of 2nd period - Shot Blocked by Mark Stone.
13:15 of 2nd period - Snap shot by Casey Cizikas.
13:15 of 2nd period - Shot Misses the Net.
13:17 of 2nd period - Slapshot by Nikita Zaitsev.
13:17 of 2nd period - Shot Misses the Net.
13:19 of 2nd period - Wrist shot by Casey Cizikas.
13:19 of 2nd period - Stopped by Connor Hellebuyck without a rebound.
13:20 of 2nd period - Elias Pettersson wins face-off versus Ryan Strome in St.Louis Blues zone.
14:12 of 2nd period - Wrist shot by Eetu Luostarinen.
14:12 of 2nd period - Shot Hit the Post.
14:14 of 2nd period - Wrist shot by Eetu Luostarinen.
14:14 of 2nd period - Stopped by Connor Hellebuyck without a rebound.
14:15 of 2nd period - Robert Thomas wins face-off versus Casey Cizikas in St.Louis Blues zone.
14:30 of 2nd period - Slapshot by Alex Pietrangelo.
14:30 of 2nd period - Goal by Alex Pietrangelo - St.Louis Blues : 3 - Hartford Whalers : 4.
14:31 of 2nd period - Alexander Wennberg wins face-off versus Robert Thomas in neutral zone.
14:57 of 2nd period - Icing by Alexis Lafreniere.
14:58 of 2nd period - Jack Eichel wins face-off versus Andre Burakovsky in Hartford Whalers zone.
15:30 of 2nd period - Snap shot by Robert Thomas.
15:30 of 2nd period - Deflect By Tage Thompson.
15:30 of 2nd period - Shot Misses the Net.
15:30 of 2nd period - Puck is out of play.
15:31 of 2nd period - Robert Thomas wins face-off versus Casey Cizikas in Hartford Whalers zone.
15:40 of 2nd period - Snap shot by Robert Thomas.
15:40 of 2nd period - Deflect By Elias Pettersson.
15:40 of 2nd period - Stopped by Semyon Varlamov with a rebound.
16:15 of 2nd period - Slapshot by Mike Hoffman.
16:15 of 2nd period - Shot Misses the Net.
16:39 of 2nd period - Snap shot by Elias Pettersson.
16:39 of 2nd period - Goal by Elias Pettersson - St.Louis Blues : 4 - Hartford Whalers : 4.
16:40 of 2nd period - Robert Thomas wins face-off versus T.J. Oshie in neutral zone.
17:07 of 2nd period - Jake Guentzel is hit by Josh Anderson and loses puck.
17:16 of 2nd period - Slapshot by Jake Sanderson.
17:16 of 2nd period - Stopped by Semyon Varlamov with a rebound.
17:32 of 2nd period - Alexis Lafreniere is hit by Alex Pietrangelo and loses puck.
17:55 of 2nd period - Snap shot by Ryan Strome.
17:55 of 2nd period - Stopped by Connor Hellebuyck without a rebound.
17:56 of 2nd period - Ryan Strome wins face-off versus Yanni Gourde in St.Louis Blues zone.
17:59 of 2nd period - Wrist shot by Marcus Foligno.
17:59 of 2nd period - Stopped by Connor Hellebuyck without a rebound.
18:00 of 2nd period - Robert Thomas wins face-off versus T.J. Oshie in St.Louis Blues zone.
18:07 of 2nd period - Slapshot by Elias Pettersson.
18:07 of 2nd period - Stopped by Semyon Varlamov with a rebound.
18:09 of 2nd period - Wrist shot by Robert Thomas.
18:09 of 2nd period - Shot Misses the Net.
18:11 of 2nd period - Snap shot by Robert Thomas.
18:11 of 2nd period - Goal by Robert Thomas - St.Louis Blues : 5 - Hartford Whalers : 4.
18:12 of 2nd period - Robert Thomas wins face-off versus Alexander Wennberg in neutral zone.
18:15 of 2nd period - Wrist shot by Elias Pettersson.
18:15 of 2nd period - Shot Misses the Net.
18:35 of 2nd period - Minor Penalty to Thomas Chabot for Slashing.
18:36 of 2nd period - Alexander Wennberg wins face-off versus Robert Thomas in Hartford Whalers zone.
18:45 of 2nd period - Eetu Luostarinen is hit by Tage Thompson.
18:55 of 2nd period - Tage Thompson is hit by Erik Cernak and loses puck.
19:16 of 2nd period - Wrist shot by Casey Cizikas.
19:16 of 2nd period - Shot Blocked by Mikhail Sergachev.
Goals for this period are 4 for St.Louis Blues vs 1 for Hartford Whalers.
Shots for this period are 22 for St.Louis Blues vs 8 for Hartford Whalers.
3rd period
0:01 of 3rd period - Alexander Wennberg wins face-off versus Robert Thomas in neutral zone.
0:04 of 3rd period - Slapshot by Erik Cernak.
0:04 of 3rd period - Stopped by Connor Hellebuyck without a rebound.
0:05 of 3rd period - Robert Thomas wins face-off versus Alexander Wennberg in St.Louis Blues zone.
0:18 of 3rd period - Snap shot by Elias Pettersson.
0:18 of 3rd period - Stopped by Semyon Varlamov without a rebound.
0:19 of 3rd period - Robert Thomas wins face-off versus Eetu Luostarinen in Hartford Whalers zone.
0:34 of 3rd period - Wrist shot by Robert Thomas.
0:34 of 3rd period - Stopped by Semyon Varlamov with a rebound.
0:35 of 3rd period - Penalty to Thomas Chabot is over, Thomas Chabot is back on ice.
0:48 of 3rd period - Slapshot by Evander Kane.
0:48 of 3rd period - Shot Misses the Net.
0:50 of 3rd period - Slapshot by Colton Parayko.
0:50 of 3rd period - Deflect By Alex Tuch.
0:50 of 3rd period - Shot Misses the Net.
0:50 of 3rd period - Puck is out of play.
0:51 of 3rd period - Yanni Gourde wins face-off versus Joshua Norris in Hartford Whalers zone.
1:17 of 3rd period - Jake Sanderson is hit by Taylor Hall and loses puck.
1:39 of 3rd period - Off-side.
1:40 of 3rd period - Nico Sturm wins face-off versus Casey Cizikas in neutral zone.
2:07 of 3rd period - Robert Thomas is hit by T.J. Oshie and loses puck.
2:12 of 3rd period - Snap shot by Alexander Wennberg.
2:12 of 3rd period - Stopped by Connor Hellebuyck with a rebound.
2:14 of 3rd period - Snap shot by Alexander Wennberg.
2:14 of 3rd period - Stopped by Connor Hellebuyck without a rebound.
2:15 of 3rd period - Joshua Norris wins face-off versus Jack Eichel in St.Louis Blues zone.
2:18 of 3rd period - Wrist shot by Andre Burakovsky.
2:18 of 3rd period - Shot Blocked by Jake Sanderson.
2:42 of 3rd period - Erik Cernak is hit by Evander Kane.
3:32 of 3rd period - Minor Penalty to Marcus Foligno for Roughing.
3:33 of 3rd period - Robert Thomas wins face-off versus Casey Cizikas in Hartford Whalers zone.
3:39 of 3rd period - Snap shot by Robert Thomas.
3:39 of 3rd period - Goal by Robert Thomas - St.Louis Blues : 6 - Hartford Whalers : 4.
3:40 of 3rd period - Robert Thomas wins face-off versus Alexander Wennberg in neutral zone.
4:05 of 3rd period - Alex Pietrangelo is hit by Thomas Chabot.
4:15 of 3rd period - Wrist shot by Josh Anderson.
4:15 of 3rd period - Stopped by Connor Hellebuyck with a rebound.
4:50 of 3rd period - Slapshot by Joel Edmundson.
4:50 of 3rd period - Shot Blocked by Elias Pettersson.
5:16 of 3rd period - Snap shot by Josh Anderson.
5:16 of 3rd period - Stopped by Connor Hellebuyck with a rebound.
5:18 of 3rd period - Snap shot by Erik Cernak.
5:18 of 3rd period - Shot Misses the Net.
5:20 of 3rd period - Wrist shot by Erik Cernak.
5:20 of 3rd period - Stopped by Connor Hellebuyck with a rebound.
5:22 of 3rd period - Snap shot by Josh Anderson.
5:22 of 3rd period - Shot Hit the Post.
5:24 of 3rd period - Slapshot by Erik Cernak.
5:24 of 3rd period - Deflect By Casey Cizikas.
5:24 of 3rd period - Stopped by Connor Hellebuyck with a rebound.
5:26 of 3rd period - Wrist shot by Eetu Luostarinen.
5:26 of 3rd period - Shot Misses the Net.
5:28 of 3rd period - Backhand shot by Casey Cizikas.
5:28 of 3rd period - Shot Blocked by Alex Pietrangelo.
5:30 of 3rd period - Wrist shot by Eetu Luostarinen.
5:30 of 3rd period - Stopped by Connor Hellebuyck with a rebound.
5:34 of 3rd period - Wrist shot by Josh Anderson.
5:34 of 3rd period - Shot Blocked by Tage Thompson.
5:36 of 3rd period - Snap shot by Casey Cizikas.
5:36 of 3rd period - Stopped by Connor Hellebuyck with a rebound.
5:46 of 3rd period - Minor Penalty to Tage Thompson for Roughing.
5:47 of 3rd period - Joshua Norris wins face-off versus Andrew Copp in St.Louis Blues zone.
5:47 of 3rd period - Wrist shot by Andre Burakovsky.
5:47 of 3rd period - Stopped by Connor Hellebuyck with a rebound.
5:49 of 3rd period - Slapshot by Nikita Zaitsev.
5:49 of 3rd period - Shot Blocked by Lawson Crouse.
5:51 of 3rd period - Snap shot by Nikita Zaitsev.
5:51 of 3rd period - Stopped by Connor Hellebuyck without a rebound.
5:52 of 3rd period - Andrew Copp wins face-off versus Joshua Norris in St.Louis Blues zone.
7:46 of 3rd period - Penalty to Tage Thompson is over, Tage Thompson is back on ice.
8:42 of 3rd period - Icing by Mike Hoffman.
8:43 of 3rd period - Elias Pettersson wins face-off versus Ryan Strome in Hartford Whalers zone.
8:50 of 3rd period - Wrist shot by Elias Pettersson.
8:50 of 3rd period - Goal by Elias Pettersson - St.Louis Blues : 7 - Hartford Whalers : 4.
8:51 of 3rd period - Alexander Wennberg wins face-off versus Tage Thompson in neutral zone.
9:20 of 3rd period - Off-side.
9:21 of 3rd period - Jack Eichel wins face-off versus Andre Burakovsky in neutral zone.
9:48 of 3rd period - Josh Anderson is hit by Elias Pettersson and loses puck.
10:08 of 3rd period - Off-side.
10:09 of 3rd period - Yanni Gourde wins face-off versus Alexander Wennberg in neutral zone.
10:18 of 3rd period - Snap shot by Yanni Gourde.
10:18 of 3rd period - Shot Misses the Net.
10:20 of 3rd period - Slapshot by Adam Pelech.
10:20 of 3rd period - Shot Misses the Net.
10:22 of 3rd period - Slapshot by Evander Kane.
10:22 of 3rd period - Shot Misses the Net.
10:24 of 3rd period - Snap shot by Evander Kane.
10:24 of 3rd period - Stopped by Semyon Varlamov with a rebound.
11:00 of 3rd period - Mark Stone is hit by Eetu Luostarinen and loses puck.
11:25 of 3rd period - Andrew Copp is hit by Ryan Strome.
12:29 of 3rd period - Snap shot by Jack Eichel.
12:29 of 3rd period - Stopped by Semyon Varlamov without a rebound.
12:30 of 3rd period - Jack Eichel wins face-off versus Ryan Strome in Hartford Whalers zone.
12:40 of 3rd period - Minor Penalty to Marcus Foligno for Tripping.
12:41 of 3rd period - Casey Cizikas wins face-off versus Robert Thomas in Hartford Whalers zone.
12:51 of 3rd period - Slapshot by Jack Eichel.
12:51 of 3rd period - Stopped by Semyon Varlamov without a rebound.
12:52 of 3rd period - Robert Thomas wins face-off versus Alexander Wennberg in Hartford Whalers zone.
13:11 of 3rd period - Casey Cizikas is hit by Elias Pettersson and loses puck.
13:22 of 3rd period - Jake Guentzel is hit by Alexander Wennberg and loses puck.
14:40 of 3rd period - Penalty to Marcus Foligno is over, Marcus Foligno is back on ice.
14:43 of 3rd period - Wrist shot by Andre Burakovsky.
14:43 of 3rd period - Stopped by Connor Hellebuyck without a rebound.
14:44 of 3rd period - Joshua Norris wins face-off versus Nico Sturm in St.Louis Blues zone.
16:04 of 3rd period - Andre Burakovsky is hit by Mikhail Sergachev and loses puck.
16:19 of 3rd period - Wrist shot by Alexander Wennberg.
16:19 of 3rd period - Shot Misses the Net.
16:46 of 3rd period - Jack Eichel is hit by Nikita Zaitsev and loses puck.
17:06 of 3rd period - Off-side.
17:07 of 3rd period - Joshua Norris wins face-off versus Robert Thomas in neutral zone.
17:10 of 3rd period - Jake Sanderson is hit by Andre Burakovsky and loses puck.
17:17 of 3rd period - Snap shot by Joshua Norris.
17:17 of 3rd period - Stopped by Connor Hellebuyck without a rebound.
17:18 of 3rd period - Alexander Wennberg wins face-off versus Robert Thomas in St.Louis Blues zone.
17:56 of 3rd period - Minor Penalty to Colton Parayko for Hooking.
17:57 of 3rd period - T.J. Oshie wins face-off versus Andrew Copp in St.Louis Blues zone.
17:59 of 3rd period - Snap shot by Taylor Hall.
17:59 of 3rd period - Stopped by Connor Hellebuyck with a rebound.
18:11 of 3rd period - Backhand shot by Taylor Hall.
18:11 of 3rd period - Stopped by Connor Hellebuyck with a rebound.
18:16 of 3rd period - Off-side.
18:17 of 3rd period - Andrew Copp wins face-off versus Joshua Norris in neutral zone.
18:24 of 3rd period - Snap shot by Lawson Crouse.
18:24 of 3rd period - Shot Misses the Net.
18:26 of 3rd period - Wrist shot by Lawson Crouse.
18:26 of 3rd period - Stopped by Semyon Varlamov without a rebound.
18:27 of 3rd period - Andrew Copp wins face-off versus Joshua Norris in Hartford Whalers zone.
18:42 of 3rd period - Snap shot by Thomas Chabot.
18:42 of 3rd period - Shot Blocked by Lawson Crouse.
19:30 of 3rd period - Andrew Copp is hit by T.J. Oshie.
19:56 of 3rd period - Penalty to Colton Parayko is over, Colton Parayko is back on ice.
Goals for this period are 2 for St.Louis Blues vs 0 for Hartford Whalers.
Shots for this period are 8 for St.Louis Blues vs 15 for Hartford Whalers.
Back to the Top